 Dungeon Crawl Stone Soup version 0.31-a0-219-g8d62b2e7bb (webtiles) character file.

Game seed: 17132486650948857903

135 qw the Chopper (level 5, -1/32 HPs)
             Began as a Gargoyle Fighter on July 3, 2023.
             Slain by a gnoll
             ... wielding a +0 club
             ... led by a gnoll bouda
              (5 damage)
             ... on level 3 of the Dungeon.
             The game lasted 00:01:01 (2066 turns).

qw the Chopper (Gargoyle Fighter)                   Turns: 2066, Time: 00:01:01

Health: -1/32      AC: 13    Str: 21    XL:     5   Next: 18%
Magic:  5/5        EV:  7    Int:  9    God:
Gold:   60         SH:  4    Dex:  9    Spells: 4/4 levels left

rFire   . . .        Y - +0 war axe
rCold   . . .        c - +0 buckler
rNeg    + + .        i - +0 chain mail
rPois   inf          (no helmet)
rElec   +            (no cloak)
rCorr   .            (no gloves)
SInv    .            (no boots)
Will    .....        (no amulet) Stlth
                     g - ring of positive energy
HPRegen 0.25/turn    (no ring)
MPRegen 0.09/turn

%: no passive effects
@: weakened
A: sickness immunity, AC +4, negative energy resistance 1, electricity
resistance, torment resistance 1, petrification resistance
a: no special abilities


You were on level 3 of the Dungeon.
You visited 1 branch of the dungeon, and saw 3 of its levels.

You collected 140 gold pieces.
You spent 80 gold pieces at shops.


Innate Abilities, Weirdness & Mutations

You are immune to sickness and miasma.
Your stone body is resilient. (AC +4)
You are immune to poison.
You resist negative energy. (rN+)
You are resistant to electric shocks. (rElec)
You are resistant to unholy torment.
You are immune to petrification.


   Skills:
 - Level 3.2 Fighting
 + Level 4.4 Axes
 - Level 1.3 Throwing
 - Level 3.2 Armour
 - Level 3.2 Shields


You had 4 spell levels left.
You didn't know any spells.
Your spell library was empty.

Inventory:

Hand Weapons
 b - a +0 flail
 Y - a +0 war axe (weapon)
Missiles
 j - a javelin (quivered)
Armour
 c - a +0 buckler (worn)
 i - a +0 chain mail (worn)
 k - a +2 pair of gloves
Jewellery
 g - a ring of positive energy (left hand)
Potions
 a - a potion of degeneration {unknown}
 d - 4 potions of might
 e - a potion of brilliance {unknown}
 f - a potion of resistance
 h - a potion of cancellation {unknown}
 l - a potion of attraction
 m - a potion of heal wounds {unknown}

Dungeon Overview and Level Annotations

Branches:
Dungeon (3/15)

Altars:

Shops:
D:2 *


Message History

The frilled lizard hisses.
A gnoll comes into view. It is wielding a +0 club.
A worm comes into view. 2 hobgoblins come into view.
The gnoll shouts!
The hobgoblin shouts!
The gnoll barely misses you.
A quokka comes into view.
Enter note:
Enter note:
Enter note:
Enter note:
Enter note:
Enter note: You hit the gnoll.
The gnoll is heavily wounded.
You slash the gnoll! The gnoll hits you with a +0 whip!
The gnoll hits you but does no damage. x3
You closely miss the gnoll.
The gnoll is heavily wounded.
You completely miss the gnoll bouda. The gnoll closely misses you.
You block the gnoll's attack.
The gnoll bouda gazes fiercely through you!
You feel your attacks grow feeble.
The gnoll bouda hits you but does no damage.
You barely miss the gnoll.
The gnoll is severely wounded.
You barely miss the gnoll. You hit the gnoll bouda.
The gnoll bouda hits you with a +0 whip.
The gnoll barely misses you. The gnoll hits you with a +0 spear.
The gnoll hits you but does no damage.
You hit the gnoll.
The gnoll is severely wounded.
You hit the gnoll. x2; You hit the gnoll bouda.
You block the gnoll's attack.
The gnoll bouda hits you with a +0 whip.
The gnoll hits you with a +0 spear. The gnoll hits you with a +0 whip.
The gnoll closely misses you.
The gnoll bouda hits you with a +0 whip.
The gnoll barely misses you. The gnoll hits you with a +0 club.
You die...

... #......... .......
#........
.....<.#########........
........#.....###.###...
...............##.# #.#.
#...w...........#.###.#.
#.......................
#....gg.........###.....
#....gg@........####....
.....rgg...........)....
......gl.........%......
........................
........................
........................
..........>.............
........................
#...........)......


You could see a gnoll bouda, a worm, 4 gnolls, a quokka, 2 hobgoblins and a
frilled lizard.

Vanquished Creatures
  An orc priest (D:3)
  Terence (D:2)
  2 adders
  2 dart slugs (D:2)
  4 orcs (D:3)
  3 bats
  5 endoplasms
  2 giant cockroaches (D:1)
  4 goblins
  4 hobgoblins
  4 jackals (D:1)
  10 kobolds
  2 quokkas
  A ball python (D:2)
  4 frilled lizards
  A rat (D:3)
50 creatures vanquished.

Notes
Turn   | Place    | Note
-------+----------+-------------------------------------------
     0 | D:1      | qw the Gargoyle Fighter began the quest for the Orb.
     0 | D:1      | Reached XP level 1. HP: 14/14 MP: 1/1
     0 | D:1      | 0 ||| qw: Version: 0.3-a-40-ge99b1a8
     0 | D:1      | 0 ||| qw: Game counter: 445
     0 | D:1      | 0 ||| qw: Melee chars always use a shield: true
     0 | D:1      | 0 ||| qw: God list: Okawaru
     0 | D:1      | 0 ||| qw: Allow faded altars: false
     0 | D:1      | 0 ||| qw: Do Orc after clearing Dungeon:15 true
     0 | D:1      | 0 ||| qw: Do second Lair branch before Depths: true
     0 | D:1      | 0 ||| qw: Lair rune preference: random
     0 | D:1      | 0 ||| qw: Goals: Normal, Zot:1-4, Slime:5, God:TSO, Crypt,
                  | Tomb, Abyss, Pan, Hells, Win
     0 | D:1      | 0 ||| PLANNING D:1-11
    63 | D:1      | Reached skill level 2 in Axes
    80 | D:1      | 80 ||| DROPPING +0 club.
    95 | D:1      | Noticed a floating eye
   107 | D:1      | Found a faded altar of an unknown god.
   126 | D:1      | Noticed a floating eye
   126 | D:1      | Noticed a great orb of eyes
   126 | D:1      | Noticed a floating eye
   152 | D:1      | Reached XP level 2. HP: 19/19 MP: 2/2
   238 | D:1      | 238 ||| Stepping ~*~*~tactically~*~*~ (hiding).
   408 | D:1      | 408 ||| Stepping ~*~*~tactically~*~*~ (stealth).
   472 | D:1      | Reached skill level 3 in Axes
   531 | D:1      | 531 ||| Stepping ~*~*~tactically~*~*~ (stealth).
   538 | D:1      | Reached XP level 3. HP: 19/23 MP: 3/3
   727 | D:1      | 727 ||| DROPPING +0 whip.
   903 | D:1      | 903 ||| UPGRADING to +0 chain mail.
   913 | D:1      | 913 ||| DROPPING +0 scale mail.
   914 | D:1      | 914 ||| READING scroll labelled NAON FYTOMET.
   915 | D:1      | 915 ||| READING scroll labelled SEUDOACESCH.
   916 | D:1      | 916 ||| READING scroll labelled DYTSEA JAUVUCU.
  1156 | D:2      | Found Tismaxte's General Store.
  1161 | D:2      | 1161 ||| SHOPLISTING +5 scale mail "Hupne" {Fly rF+ rCorr}
                  | (507 gold, have 83).
  1161 | D:2      | 1161 ||| BUYING 2 potions of might (80 gold).
  1161 | D:2      | Bought 2 potions of might for 80 gold pieces
  1161 | D:2      | 1161 ||| SHOPLISTING 2 scrolls of identify (40 gold, have
                  | 3).
  1244 | D:2      | Noticed Terence
  1245 | D:2      | 1245 ||| Stepping ~*~*~tactically~*~*~ (hiding).
  1247 | D:2      | 1247 ||| Stepping ~*~*~tactically~*~*~ (hiding).
  1257 | D:2      | Killed Terence
  1258 | D:2      | Reached skill level 1 in Throwing
  1258 | D:2      | Reached XP level 4. HP: 22/28 MP: 4/4
  1346 | D:2      | 1346 ||| Stepping ~*~*~tactically~*~*~ (hiding).
  1783 | D:2      | 1783 ||| UPGRADING to ring of positive energy.
  1784 | D:2      | 1784 ||| READING scroll labelled QAF SYTSIYSUPP.
  1785 | D:2      | 1785 ||| READING scroll labelled ATEUFO KIPRAUNLYH.
  1786 | D:2      | 1786 ||| READING scroll labelled MAELEJ YGGEXO.
  1787 | D:2      | 1787 ||| DRINKING 2 glowing orange potions.
  1788 | D:2      | 1788 ||| DRINKING 2 gluggy blue potions.
  1808 | D:3      | Reached skill level 4 in Axes
  1819 | D:3      | HP: 4/28 [orc priest/divine providence (11)]
  1821 | D:3      | Reached XP level 5. HP: 5/32 MP: 5/5
  1951 | D:3      | 1951 ||| DROPPING +0 mace.
  2066 | D:3      | HP: 5/32 [gnoll/+0 whip[a gnoll bouda] (4)]
  2066 | D:3      | Slain by a gnoll

Levels and vault maps discovered:
D:1:      dpeg_arrival_court, layout_loops_ring,
          hellmonk_ecumenical_altar_watching_god, hangedman_decor_lopped
D:2:      layout_basic, serial_shops, shop, uniq_terence
D:3:      layout_rooms

Skill      XL: |  1  2  3  4 |
---------------+-------------+-----
Axes           | 2 3 4 |  4.4
Throwing       | 1 |  1.3
Fighting       | |  3.2
Armour         | |  3.2
Shields        | |  3.2

Action                     |  1- 3 |  4- 6 || total
---------------------------+-------+-------++-------
  Melee: War axe           |   141 |    38 ||   179
  Throw: Javelin           |     3 |     7 ||    10
    Use: Scroll            |     3 |     3 ||     6
         Potion            |       |     2 ||     2
 Armour: Scale mail        |    38 |       ||    38
         Chain mail        |    34 |    20 ||    54
  Dodge: Dodged            |    58 |    12 ||    70
  Block: Buckler           |    23 |     8 ||    31

Table legend:
 A = Non-vault XP
 B = Vault XP
 C = Vault XP percentage of total XP
 D = Non-vault monster count
 E = Vault monster count
 F = Vault count percentage of total count
                 A         B        C        D         E       F
            +---------+---------+-------+---------+---------+-------
      Total |     157 |      36 |  18.7 |      49 |       1 |   2.0
            +---------+---------+-------+---------+---------+-------
        D:1 |      46 |       0 |   0.0 |      24 |       0 |   0.0
        D:2 |      39 |      36 |  48.0 |      15 |       1 |   6.2
        D:3 |      72 |       0 |   0.0 |      10 |       0 |   0.0
            +---------+---------+-------+---------+---------+-------
